AoeStats
← El wey

Arabia

508981644Analyzed
1v1 RM · 8d ago on Sep 24, 2026· 39m 35s· 2 players
Game mode
Random Map
Map size
Tiny (2 player)
Population
200
Speed
Normal
Resources
Standard
Victory
Conquest
Starting age
Dark Age
Ending age
Imperial Age
RankedLock teamsTeams togetherTeam positionsShared explorationLock speedFull tech treeHidden civsTurbo modeCheats
Victory
Defeat
🇺🇸 Huns · United States
974
+18
🇦🇷 Magyars · Argentina
1019
-18
Gramps
6:07 Loom
9:08 Feudal Age
9:54 Horse Collar
18:19 Wheelbarrow
21:18 Castle Age
19:38 Double-Bit Axe
21:34 Elite Skirmisher
22:58 Thumb Ring
24:00 Fletching
31:45 Bloodlines
34:51 Scale Barding Armor
34:47 Padded Archer Armor
34:26 Pikeman
39:48 Hand Cart
El wey
7:22 Loom
10:37 Feudal Age
11:13 Double-Bit Axe
15:29 Horse Collar
18:49 Wheelbarrow
22:04 Castle Age
21:20 Fletching
22:28 Padded Archer Armor
22:47 Bodkin Arrow
26:02 Bow Saw
29:10 Town Watch
29:44 Bloodlines
34:35 Caravan
Connection lost

Rejoining the realm…

Still unreachable

The connection could not be restored.

Session expired

The server has moved on; the page needs a fresh start.